 Dungeon Crawl Stone Soup version 0.26.0-10-g1f06aea511 (webtiles) character file.

Game seed: 10549820983343175701

35 lastplaneout the Stinger (level 3, 0/27 HPs)
             Began as a Palentonga Venom Mage on Jan 13, 2021.
             Was an Initiate of Fedhas.
             Slain by a jackal (2 damage)
             ... on level 2 of the Dungeon.
             The game lasted 00:04:07 (1267 turns).

lastplaneout the Stinger (Palentonga Venom Mage)    Turns: 1267, Time: 00:04:07

Health: 0/27       AC:  4    Str: 11    XL:     3   Next: 16%
Magic:  6/6        EV: 10    Int: 16    God:    Fedhas [......]
Gold:   70         SH:  0    Dex: 10    Spells: 5/6 levels left

rFire    . . .     SeeInvis +   (no weapon)
rCold    . . .     Faith    .   (no shield)
rNeg     . . .     Spirit   .   a - +0 robe
rPois    .         Reflect  .   (no helmet)
rElec    .         Harm     .   (no cloak)
rCorr    .         Rampage  .   (no gloves)
Will     .....                  (no barding)
Stlth    +.........             (no amulet)
HPRegen  0.09/turn              (no ring)
MPRegen  0.10/turn              (no ring)

@: no status effects
A: large, rugged brown scales 3, see invisible, deformed body, roll 1, armoured
tail
a: Rolling Charge, Renounce Religion


You were on level 2 of the Dungeon.
You worshipped Fedhas.
Fedhas was noncommittal.
You visited 1 branch of the dungeon, and saw 2 of its levels.

You collected 70 gold pieces.

Inventory:

Armour
 a - a +0 robe (worn)
Scrolls
 b - 2 scrolls of identify {unknown}
 c - a scroll of teleportation {unknown}
 e - 2 scrolls of remove curse {unknown}
 f - 2 scrolls of amnesia {unknown}
 h - a scroll of blinking {unknown}
Potions
 d - a potion of resistance {unknown}
 g - a potion of curing {unknown}
 i - a potion of brilliance {unknown}
 j - 2 potions of heal wounds {unknown}


   Skills:
 - Level 1.5 Dodging
 - Level 1.2 Stealth
 - Level 2.0 Spellcasting
 - Level 1.0 Transmutations
 + Level 3.5 Poison Magic


You had 5 spell levels left.
You knew the following spells:

 Your Spells              Type           Power        Failure   Level
a - Sting                 Tmut/Pois      32%          9%          1

Your spell library contained the following spells:

 Spells                   Type           Power        Failure   Level
 Poisonous Vapours        Pois/Air       14%          16%         2
 Ignite Poison            Fire/Tmut/Pois 6%           32%         3
 Mephitic Cloud           Conj/Pois/Air  5%           36%         3
 Olgreb's Toxic Radiance  Pois           13%          43%         4


Dungeon Overview and Level Annotations

Branches:
Dungeon (2/15)

Altars:
Fedhas


Innate Abilities, Weirdness & Mutations

You are completely covered in rugged brown scales. (AC +3, +7% HP)
You have supernaturally acute eyesight. (SInv)
Armour fits poorly on your strangely shaped body.
You can roll at nearby foes to attack.
You have a long armoured tail.


Message History

Found 5 boomerangs.
Found a stone staircase leading down.
A giant cockroach comes into view.
The jackal barely misses you.
The jackal bites you but does no damage.
The jackal closely misses you. The jackal closely misses you.
The jackal bites you but does no damage.
The jackal bites you but does no damage.
The jackal bites you but does no damage.
The jackal bites you but does no damage.
The jackal closely misses you. The jackal bites you.
* * * LOW HITPOINT WARNING * * *
The jackal closely misses you.
There is a stone staircase leading up here.
The jackal bites you.
* * * LOW HITPOINT WARNING * * *
The jackal bites you.
You die...
Fedhas appreciates your contribution to the ecosystem.

#.##.###.P.P.# ######
#....††......###########
####.####.##.........w..
#.# #.........#####. #.#
####.####.# #. #.# #.#
#.# #. #.# #.# #.# #.
#.#######.# #.# #.
#†..@hB...# #.. ..
########### ### #. #.


You could see a jackal and a giant cockroach.

Vanquished Creatures
  2 leopard geckos
  2 bats (D:1)
  A giant cockroach (D:1)
  3 goblins (D:1)
  5 hobgoblins (D:1)
  3 jackals
  A ball python (D:2)
  2 frilled lizards (D:1)
  6 kobolds (D:1)
  5 rats
30 creatures vanquished.

Vanquished Creatures (others)
  3 plants (D:2)
3 creatures vanquished.

Grand Total: 33 creatures vanquished

Notes
Turn   | Place    | Note
-------+----------+-------------------------------------------
     0 | D:1      | lastplaneout the Palentonga Venom Mage began the quest for
                  | the Orb.
     0 | D:1      | Reached XP level 1. HP: 14/14 MP: 3/3
   288 | D:1      | Reached XP level 2. HP: 21/21 MP: 1/5
   327 | D:1      | Reached skill level 3 in Poison Magic
  1055 | D:1      | Reached XP level 3. HP: 27/27 MP: 4/6
  1175 | D:2      | Found a blossoming altar of Fedhas.
  1199 | D:2      | Became a worshipper of Fedhas Madash
  1267 | D:2      | Slain by a jackal

Illustrated notes

Levels and vault maps discovered:
D:1:      minmay_arrival_doors, layout_loops_corners, item_on_display_a
D:2:      layout_loops_ring, lemuel_doored_altar, fedhas_altar_1,
          chequers_ecumenical_altar_lobes

Skill      XL: |  1  2 |
---------------+-------+-----
Poison Magic   | 3 |  3.5
Dodging        | |  1.5
Stealth        | |  1.2
Spellcasting   | |  2.0
Transmutations | |  1.0

Action                   || total
-------------------------++-------
Melee: Unarmed           ||    55
       Tailslap          ||     4
 Cast: Sting             ||    39
Armor: Robe              ||    35
Dodge: Dodged            ||    41
